 Dungeon Crawl Stone Soup version 0.30.0-29-ga12c61a403 (webtiles) character file.

Game seed: 1960806967989224566

5089 Graphine the Covert (level 10, -8/51 HPs)
             Began as a Spriggan Venom Mage on June 23, 2023.
             Was a Believer of Vehumet.
             Killed from afar by a rime drake (23 damage)
             ... with an icy flash freeze
             ... on level 1 of the Lair of Beasts.
             The game lasted 00:40:52 (9449 turns).

Graphine the Covert (Spriggan Venom Mage)           Turns: 9449, Time: 00:40:53

Health: -8/51      AC:  2    Str:  2    XL:     10   Next: 31%
Magic:  21/22      EV: 24    Int: 27    God:    Vehumet [**....]
Gold:   551        SH:  0    Dex: 21    Spells: 12/23 levels left

rFire   . . .        c - +4 dagger
rCold   . . .        (no shield)
rNeg    + . .        A - +0 robe of Zin's Hatred {Str-2 Int+5 Slay-3}
rPois   .            (helmet restricted)
rElec   .            (no cloak)
rCorr   +            (gloves unavailable)
SInv    +            (boots unavailable)
Will    +....        h - amulet of magic regeneration
Stlth   +++++        t - ring of Thoughtfulness {rN+ rCorr}
HPRegen 0.28/turn    q - +6 ring of dexterity
MPRegen 0.58/turn

%: no passive effects
@: very quick
A: very small, no large weapons, unfitting armour, see invisible, speed 3
a: Renounce Religion


You were on level 1 of the Lair of Beasts.
You worshipped Vehumet.
Vehumet was pleased with you.
You visited 3 branches of the dungeon, and saw 10 of its levels.

You collected 571 gold pieces.
You spent 20 gold pieces at shops.

Inventory:

Hand Weapons
 c - a +4 dagger (weapon)
Missiles
 y - 4 throwing nets
Armour
 a - a +2 robe
 A - the +0 robe of Zin's Hatred (worn) {Str-2 Int+5 Slay-3}
   (You found it on level 6 of the Dungeon)

   Str:       It affects your strength (-2).
   Int:       It affects your intelligence (+5).
   Slay:      It affects your accuracy & damage with ranged weapons and melee
   (-3).
Magical Staves
 j - a staff of air
Jewellery
 h - an amulet of magic regeneration (around neck)
 i - an amulet of the acrobat
 k - an amulet of reflection
 q - a +6 ring of dexterity (right hand)
 t - the ring of Thoughtfulness (left hand) {rN+ rCorr}
   (You found it on level 4 of the Dungeon)

   [ring of positive energy]

   rN:        It protects you from negative energy.
   rCorr:     It protects you from acid and corrosion.
 v - a ring of willpower
 z - the Hermit's Pendant {Faith Invo=14 Evo=0 MP+5}
   (You found it on level 7 of the Dungeon)

   [amulet of faith]

   Invo=14: It sets your Invocations skill to 14.
   Evo=0: It sets your Evocations skill to 0.
   It allows you to gain divine favour quickly.
   MP:        It affects your magic capacity (+5).
Wands
 B - a wand of roots (6)
 D - a wand of paralysis (7)
 F - a wand of mindburst (7)
Scrolls
 g - 3 scrolls of fear
 m - a scroll of blinking {unknown}
 s - a scroll of identify
 u - 2 scrolls of teleportation
 w - 3 scrolls of poison
 x - 3 scrolls of fog
Potions
 b - 2 potions of magic
 d - 4 potions of lignification
 e - a potion of might
 f - 3 potions of flight
 l - 2 potions of mutation
 n - 2 potions of invisibility
 o - 2 potions of brilliance
 p - 5 potions of curing
 r - a potion of berserk rage {unknown}
 C - a potion of heal wounds
 E - a potion of resistance {unknown}


   Skills:
 + Level 4.6 Fighting
 + Level 8.2 Dodging
 + Level 9.7 Stealth
 + Level 7.4 Spellcasting
 - Level 1.6 Transmutations
 * Level 8.7 Poison Magic
 + Level 7.2 Evocations


You had 12 spell levels left.
You knew the following spells:

 Your Spells              Type           Power      Damage    Failure   Level
a - Sting                 Tmut/Pois      100%       1d8       1%          1
b - Poisonous Vapours     Pois/Air       66%        N/A       1%          2
c - Mephitic Cloud        Conj/Pois/Air  25%        N/A       4%          3
d - Olgreb's Toxic Radia  Pois           54%        N/A       1%          4
e - Sandblast             Erth           20%        2d7       5%          1

Your spell library contained the following spells:

 Spells                   Type           Power      Damage    Failure   Level
 Foxfire                  Conj/Fire      40%        2x1d6     5%          1
 Alistair's Intoxication  Tmut/Pois      24%        N/A       19%         5
 Arcjolt                  Conj/Air       5%         1d15      83%         5
 Conjure Ball Lightning   Conj/Air       5%         3x3d6     100%        6


Dungeon Overview and Level Annotations

Branches:
Dungeon (8/15)             Temple (1/1) D:6            Lair (1/5) D:8

Altars:
Ashenzari
Cheibriados
Fedhas
Gozag
Kikubaaqudgha
Ru
Sif Muna
Vehumet
Wu Jian
Xom
Zin

Shops:
D:3 *   D:5 (


Innate Abilities, Weirdness & Mutations

You are very small and have problems with some larger weapons.
You are too small for most types of armour.
You have supernaturally acute eyesight. (SInv)
You cover ground extremely quickly. (Speed+++)


Message History

You see here 4 stones.
You now have 538 gold pieces (gained 16).
You now have 551 gold pieces (gained 13).
F - a wand of mindburst (7)
B - a wand of roots (6) (gained 5 charges)
Found a stone staircase leading down.
A rime drake comes into view.
Casting: Olgreb's Toxic Radiance (dangerous; 1% risk of failure)
Confirm with . or Enter, or press ? or * to list all spells.
Aiming: Poisonous Vapours (safe; 1% risk of failure)
Press: ? - help, Dir - move target, f - rime drake
Aim: a rime drake (asleep) Poisonous vapours surround the rime drake!
The rime drake is poisoned.
The rime drake hisses angrily.
Casting: Poisonous Vapours (safe; 1% risk of failure)
Confirm with . or Enter, or press ? or * to list all spells.
Aiming: Poisonous Vapours (safe; 1% risk of failure)
Press: ? - help, Dir - move target, f/p - rime drake
Aim: a rime drake (lightly wounded, very poisoned) Poisonous vapours surround the rime drake!
The rime drake looks as sick as possible!
The rime drake breathes ice at you. The icy flash freeze hits you!!
You are encased in ice.
A cane toad comes into view.
The ice encasing you melts away.
Casting: Poisonous Vapours (safe; 1% risk of failure)
Confirm with . or Enter, or press ? or * to list all spells.
You begin to radiate toxic energy.
The rime drake looks as sick as possible!
The rime drake breathes ice at you. The icy flash freeze hits you!
* * * LOW HITPOINT WARNING * * *
You are encased in ice.
Your toxic aura wanes.
The ice encasing you melts away. The rime drake breathes ice at you.
The icy flash freeze hits you!!
You die...

..........########.#
.........## ####P.#
#### .........#
#PP#..###########P#.
#........#
#.....(.............
.#.....#.###
#..##...........P###
..#...##...#
#.###.###.#..#.### .
#.#.#....# #.###.#
####.#.#
.#.###.###.###...#.#
#.#.# ..#
##.##......@..#
###...##### ..#
#....k....####
#.........# ..##
##.#P.######
#...#.P##.#
...###.###.##
#.).#####.#
..#.#..##...#
#...##.#P.#
#.#..#.#.#..#
#..........
............#
#..........
.########..##
#...#.#.#.# .# #...#
#..#### #..


You could see a rime drake (very poisoned, catching breath).

Vanquished Creatures
  A cyclops (D:8)
  An unseen horror (D:7)
  A komodo dragon (D:8)
  A wyvern (D:7)
  A basilisk (Lair:1)
  2 water moccasins (D:6)
  3 ice beasts
  An orc warrior (D:8)
  4 sky beasts
  An ogre (D:7)
  2 centaurs
  3 phantoms
  2 kobold brigands
  4 bullfrogs
  3 scorpions
  8 wights
  2 killer bees (D:7)
  3 howler monkeys (D:7)
  A vampire bat (D:5)
  4 hounds
  2 jellies (D:7)
  7 orc priests
  6 gnoll boudas
  A sleepcap (D:7)
  2 iguanas (D:5)
  2 orc wizards
  19 gnolls
  7 adders
  2 shadow imps (D:7)
  3 white imps (D:7)
  4 ufetubi
  2 worms
  4 dart slugs
  30 orcs
  3 bat skeletons (D:5)
  3 bat zombies (D:5)
  7 endoplasms
  7 giant cockroaches
  8 goblins
  9 hobgoblins
  5 quokkas
  5 ball pythons
  7 bats
  2 frilled lizards
  15 kobolds
  5 rats
215 creatures vanquished.

Vanquished Creatures (others)
  5 dream sheep (D:7)
5 creatures vanquished.

Grand Total: 220 creatures vanquished

Notes
Turn   | Place    | Note
-------+----------+-------------------------------------------
     0 | D:1      | Graphine the Spriggan Venom Mage began the quest for the
                  | Orb.
     0 | D:1      | Reached XP level 1. HP: 9/9 MP: 5/5
   577 | D:1      | Reached XP level 2. HP: 13/13 MP: 0/6
   699 | D:1      | Learned a level 2 spell: Poisonous Vapours
  1185 | D:2      | Reached XP level 3. HP: 16/17 MP: 1/8
  2088 | D:3      | Reached skill level 4 in Stealth
  2152 | D:3      | Reached skill level 1 in Fighting
  2152 | D:3      | Reached XP level 4. HP: 22/22 MP: 8/10
  2186 | D:3      | Reached skill level 1 in Evocations
  2198 | D:3      | Found a sacrificial altar of Ru.
  2529 | D:3      | Reached XP level 5. HP: 25/25 MP: 11/11
  2817 | D:3      | Found Secu's Assorted Antiques.
  2840 | D:3      | Bought a scroll labelled SAMMAPU IDIJEKH for 20 gold pieces
  2986 | D:3      | Learned a level 3 spell: Mephitic Cloud
  2991 | D:3      | Learned a level 4 spell: Olgreb's Toxic Radiance
  3348 | D:4      | Reached XP level 6. HP: 30/30 MP: 13/13
  3504 | D:4      | Identified the ring of Thoughtfulness {rN+ rCorr}
  3590 | D:4      | Reached skill level 5 in Stealth
  3916 | D:5      | Entered Level 5 of the Dungeon
  3984 | D:5      | Reached XP level 7. HP: 21/35 MP: 6/14
  4272 | D:5      | Found Xilahad's Weapon Emporium.
  4496 | D:5      | Reached skill level 5 in Dodging
  4496 | D:5      | Reached skill level 5 in Poison Magic
  4563 | D:5      | Found an ancient bone altar of Kikubaaqudgha.
  4599 | D:5      | Reached skill level 6 in Stealth
  4785 | D:6      | Found a staircase to the Ecumenical Temple.
  4802 | D:6      | Identified the +0 robe of Zin's Hatred {Str-2 Int+5 Slay-3}
  4821 | Temple   | Entered the Ecumenical Temple
  4834 | Temple   | Became a worshipper of Vehumet
  4986 | D:6      | Reached skill level 5 in Spellcasting
  5222 | D:6      | Reached XP level 8. HP: 39/39 MP: 14/16
  5698 | D:6      | Reached skill level 7 in Stealth
  6210 | D:7      | Reached skill level 5 in Evocations
  6263 | D:7      | Found a large runed translucent door.
  6267 | D:7      | Found a large runed translucent door.
  6270 | D:7      | Reached * piety under Vehumet
  6270 | D:7      | Offered knowledge of Sandblast by Vehumet.
  6509 | D:7      | Noticed a dream sheep
  6509 | D:7      | Noticed a dream sheep
  6509 | D:7      | Noticed a dream sheep
  6509 | D:7      | Noticed a dream sheep
  6509 | D:7      | Noticed a dream sheep
  6509 | D:7      | Found a shimmering altar of Xom.
  6512 | D:7      | Killed a dream sheep
  6512 | D:7      | Killed a dream sheep
  6512 | D:7      | Killed a dream sheep
  6512 | D:7      | Killed a dream sheep
  6512 | D:7      | Killed a dream sheep
  6513 | D:7      | Reached XP level 9. HP: 44/44 MP: 13/19
  6541 | D:7      | Learned a level 1 spell: Sandblast
  7321 | D:7      | Reached skill level 8 in Stealth
  7419 | D:7      | Found a broken altar of Ashenzari.
  7422 | D:7      | Found an opulent altar of Gozag.
  7507 | D:7      | Found the Hermit's Pendant {Faith Invo=14 Evo=0 MP+5}
  7611 | D:7      | Got the Notes on Weather and the Spider
  7765 | D:7      | Noticed an unseen horror
  7779 | D:7      | Killed an unseen horror
  8330 | D:8      | Reached skill level 9 in Stealth
  8438 | D:8      | Noticed a cyclops
  8450 | D:8      | Offered knowledge of Foxfire by Vehumet.
  8451 | D:8      | Reached ** piety under Vehumet
  8466 | D:8      | Killed a cyclops
  8467 | D:8      | Reached XP level 10. HP: 15/51 MP: 21/21
  9122 | D:8      | Found a staircase to the Lair.
  9177 | Lair:1   | Entered Level 1 of the Lair of Beasts
  9437 | Lair:1   | Noticed a cane toad
  9449 | Lair:1   | Killed from afar by a rime drake

Illustrated notes

Levels and vault maps discovered:
D:1:      lemuel_arrival_hallway, layout_loops_corners, minmay_hexomino_u4
D:2:      layout_loops_ring, nicolae_elevator_lobby_plus
D:3:      layout_basic, mainiacjoe_overflow_concentric_impassable, serial_shops,
          nicolae_square_shop
D:4:      layout_gridville
D:5:      layout_basic, kennysheep_vampire_church, serial_shops,
          nicolae_shop_statue_plus, dreamdust_gnoll_farm
D:6:      minmay_spotlight, layout_rooms, minmay_temple_entry_statues_pillars
D:7:      minmay_octagon_keep, layout_loops_ring, kb_xom_exploding_sheep,
          jmf_multi_god_temple2, dk_noncrumbling_2,
          minmay_misc_feat_more_columns
D:8:      layout_cave_pools, david_lair_shrubbed, chequers_arboretum
Temple:   nicolae_temple_superstar
Lair:1:   layout_loops_ring

Skill      XL: |  1  2  3  4  5  6  7  8  9 10 |
---------------+-------------------------------+-----
Dodging        | 3 4 5 6 7 8 |  8.2
Spellcasting   | 3 4 5 6 7 |  7.4
Stealth        | 4 5 6 7 9 |  9.7
Fighting       | 1 2 3 4 |  4.6
Evocations     | 1 2 4 5 6 7 |  7.2
Poison Magic   | 4 5 6 8 |  8.7
Transmutations | |  1.6

Action                     |  1- 3 |  4- 6 |  7- 9 | 10-12 || total
---------------------------+-------+-------+-------+-------++-------
  Melee: Unarmed           |     5 |       |       |       ||     5
         Dagger            |    36 |    64 |   111 |     1 ||   212
         Punch             |     2 |       |     2 |       ||     4
   Cast: Sting             |    47 |    18 |   104 |     4 ||   173
         Poisonous Vapours |    28 |    63 |    72 |     9 ||   172
         Olgreb's Toxic Ra |       |     3 |    26 |    11 ||    40
         Sandblast         |       |       |    91 |    10 ||   101
  Evoke: Wand              |       |       |    27 |     2 ||    29
    Use: Scroll            |     6 |     4 |     8 |       ||    18
         Potion            |       |       |     4 |       ||     4
   Stab: Sleeping          |       |     3 |     3 |       ||     6
 Armour: Robe              |     9 |     9 |    20 |     1 ||    39
  Dodge: Dodged            |    40 |    67 |   210 |    17 ||   334
